 Dungeon Crawl Stone Soup version 0.31-a0-232-gb1c03b2570 (webtiles) character file.

Game seed: 5093837000149356068

12 qw the Shooter (level 2, -6/16 HPs)
             Began as a Gargoyle Hexslinger on July 7, 2023.
             Mangled by Terence
             ... wielding a +7 heavy flail
              (14 damage)
             ... on level 2 of the Dungeon.
             The game lasted 00:00:09 (970 turns).

qw the Shooter (Gargoyle Hexslinger)                 Turns: 970, Time: 00:00:10

Health: -6/16      AC:  4    Str: 11    XL:     2   Next: 33%
Magic:  3/3        EV: 12    Int: 13    God:
Gold:   74         SH:  0    Dex: 12    Spells: 2/3 levels left

rFire   . . .        Y - +1 sling
rCold   . . .        (no shield)
rNeg    + . .        c - +0 robe
rPois   inf          (no helmet)
rElec   +            (no cloak)
rCorr   .            (no gloves)
SInv    .            (no boots)
Will    .....        (no amulet)
Stlth   +            (no ring)
HPRegen 0.22/turn    (no ring)
MPRegen 0.08/turn

%: no passive effects
@: no status effects
A: sickness immunity, AC +2, negative energy resistance 1, electricity
resistance, torment resistance 1, petrification resistance
a: no special abilities


You were on level 2 of the Dungeon.
You visited 1 branch of the dungeon, and saw 2 of its levels.

You collected 74 gold pieces.


Innate Abilities, Weirdness & Mutations

You are immune to sickness and miasma.
Your stone body is resilient. (AC +2)
You are immune to poison.
You resist negative energy. (rN+)
You are resistant to electric shocks. (rElec)
You are resistant to unholy torment.
You are immune to petrification.


   Skills:
 - Level 1.1 Fighting
 + Level 2.9 Ranged Weapons
 - Level 1.5 Dodging
 - Level 1.0 Spellcasting
 - Level 2.6 Hexes


You had 2 spell levels left.
You knew the following spells:

 Your Spells              Type           Power      Damage    Failure   Level
a - Slow                  Hex            28%        N/A       10%         1

Your spell library contained the following spells:

 Spells                   Type           Power      Damage    Failure   Level
 Inner Flame              Hex/Fire       4%         N/A       43%         3
 Portal Projectile        Hex/Tloc       8%         N/A       43%         3
 Cause Fear               Hex            3%         N/A       67%         4

Inventory:

Hand Weapons
 Y - a +1 sling (weapon)
Armour
 c - a +0 robe (worn)
Scrolls
 a - a scroll of identify

Dungeon Overview and Level Annotations

Branches:
Dungeon (2/15)

Altars:

Annotations:
D:2 Terence


Message History

The sling bullet hits the quokka but does no damage.
You shoot a sling bullet. The sling bullet hits the quokka.
You kill the quokka!
You now have 74 gold pieces (gained 9).
Found a stone staircase leading up.
There is a stone staircase leading up here.
Found a stone staircase leading down.
Terence the Incautious comes into view.
He is wielding a +7 heavy flail.
You shoot a sling bullet. The sling bullet hits Terence.
Terence is lightly wounded.
You shoot a sling bullet. The sling bullet hits Terence!
Terence is heavily wounded.
Terence looks scornfully at you.
You shoot a sling bullet. The sling bullet hits Terence.
Terence is severely wounded.
You shoot a sling bullet.
The sling bullet hits Terence but does no damage.
Terence is severely wounded.
Terence closely misses you.
You shoot a sling bullet. The sling bullet hits Terence.
Terence is severely wounded.
Terence hits you with a +7 heavy flail.
You shoot a sling bullet.
The sling bullet hits Terence but does no damage.
Terence is severely wounded.
You shoot a sling bullet.
The sling bullet hits Terence but does no damage.
Terence is severely wounded.
Terence barely misses you.
You shoot a sling bullet. The sling bullet barely misses Terence.
Terence screams, "I'm going to kill you!"
Terence hits you with a +7 heavy flail!
You shoot a sling bullet. The sling bullet barely misses Terence.
Terence closely misses you.
You shoot a sling bullet.
The sling bullet hits Terence but does no damage.
Terence is severely wounded.
Terence hits you with a +7 heavy flail!
Ouch! That really hurt!
You die...

## #. #. .. #.
.#####>
......@########
#@.......
####.#######
#.......#
#.......#
#.......#####
#...........#
#.......###.#
#.......# #<#
#.......# #.#


You could see Terence.

Vanquished Creatures
  A bat (D:1)
  3 endoplasms
  3 hobgoblins (D:1)
  A quokka (D:2)
  A kobold (D:1)
  A rat (D:1)
10 creatures vanquished.

Notes
Turn   | Place    | Note
-------+----------+-------------------------------------------
     0 | D:1      | qw the Gargoyle Hexslinger began the quest for the Orb.
     0 | D:1      | Reached XP level 1. HP: 12/12 MP: 2/2
     0 | D:1      | 0 ||| qw: Version: 0.3-a-46-gb1f654a
     0 | D:1      | 0 ||| qw: Game counter: 2252
     0 | D:1      | 0 ||| qw: Melee chars always use a shield: true
     0 | D:1      | 0 ||| qw: God list: Okawaru
     0 | D:1      | 0 ||| qw: Allow faded altars: false
     0 | D:1      | 0 ||| qw: Do Orc after clearing Dungeon:15 true
     0 | D:1      | 0 ||| qw: Do second Lair branch before Depths: true
     0 | D:1      | 0 ||| qw: Lair rune preference: random
     0 | D:1      | 0 ||| qw: Goals: Normal
     0 | D:1      | 0 ||| PLANNING D:1-11
   163 | D:1      | Reached XP level 2. HP: 16/16 MP: 3/3
   281 | D:1      | Found a faded altar of an unknown god.
   861 | D:1      | 861 ||| READING 2 scrolls labelled ELLAKL CAYSIOL.
   862 | D:1      | 862 ||| DROPPING scroll of poison.
   960 | D:2      | Noticed Terence
   970 | D:2      | Mangled by Terence

Levels and vault maps discovered:
D:1:      saegor_arrival_miasma, layout_basic,
          hellmonk_ecumenical_altar_leap_of_faith, minmay_curled_crystal,
          st_stairs_5
D:2:      layout_loops_ring, minmay_misc_feat_secret_circle, uniq_terence

Action                     || total
---------------------------++-------
   Fire: Sling             ||    36
    Use: Scroll            ||     1
  Dodge: Dodged            ||     8

Table legend:
 A = Non-vault XP
 B = Vault XP
 C = Vault XP percentage of total XP
 D = Non-vault monster count
 E = Vault monster count
 F = Vault count percentage of total count
                 A         B        C        D         E       F
            +---------+---------+-------+---------+---------+-------
      Total |      12 |       6 |  33.3 |       7 |       3 |  30.0
            +---------+---------+-------+---------+---------+-------
        D:1 |       8 |       6 |  42.9 |       5 |       3 |  37.5
        D:2 |       4 |       0 |   0.0 |       2 |       0 |   0.0
            +---------+---------+-------+---------+---------+-------
